FIQ, neutral male gnomish Wizard ----------- ----------- |....|%...--- |.........| |..``|``...>| |.........| |..`......--- |.........| |..%.|....| |....<....| |-%--------- |.........| |..`.|....H| |.........| |.``.|`.```| |.........| |.....%.`..| |.........| |.```|`....----------------+| |....|.........^^^^^^^^^^^^.| ----------------------------- FIQ the Thaumaturge Experience level: 7 Strength: 18/** Dexterity: 17 Constitution: 12 Intelligence: 18 Wisdom: 8 Charisma: 9 Health: 63(87) Energy: 10(54) Def: 14 Gold: 656 Moves: 2879 Dungeon seed: i3fM3DAzi6BSNJ5U Game ID: FIQ_1442515036 Your Inventory: Coins $ - 656 gold pieces Amulets L - an uncursed amulet of strangulation Weapons a - a blessed +1 quarterstaff (weapon in hands) p - an uncursed +2 aklys (alternate weapon; not wielded) Armor n - an uncursed +0 pair of gauntlets of dexterity (being worn) Comestibles l - an uncursed cram ration z - an uncursed cream pie B - 4 uncursed food rations C - an uncursed tripe ration W - an uncursed lembas wafer Scrolls i - an uncursed scroll of genocide j - an uncursed scroll of identify m - a blessed scroll of earth q - an uncursed scroll of earth s - an uncursed scroll of enchant weapon u - an uncursed scroll of scare monster v - an uncursed scroll of scare monster E - 2 uncursed scrolls of gold detection F - a cursed scroll of confuse monster Q - a cursed scroll of earth T - an uncursed scroll of enchant armor Spellbooks e - an uncursed spellbook of invisibility G - an uncursed spellbook of protection I - an uncursed spellbook of wizard lock J - a blessed spellbook of dig K - a cursed spellbook of magic missile M - an uncursed spellbook of force bolt Potions f - an uncursed potion of enlightenment h - an uncursed potion of healing r - an uncursed potion of restore ability t - a cursed potion of restore ability w - 2 uncursed potions of sleeping D - an uncursed potion of booze H - an uncursed potion of water O - an uncursed potion of hallucination R - a blessed potion of object detection X - an uncursed potion of invisibility Z - an uncursed potion of fruit juice Rings c - an uncursed ring of regeneration d - an uncursed ring of see invisible P - a blessed +3 ring of increase accuracy S - an uncursed ring of polymorph control U - an uncursed ring of slow digestion Wands b - an uncursed wand of striking (0:0) x - an uncursed wand of striking (0:0) y - an uncursed wand of create monster (0:11) A - an uncursed wand of opening (0:8) N - an uncursed wand of polymorph (0:6) V - an uncursed wand of lightning (0:3) Tools g - an uncursed can of grease (0:22) k - an uncursed skeleton key o - an uncursed magic marker (0:73) Spells and supernatural/magical abilities: Name Level Category Fail Memory a - force bolt 1 attack 0% 86% d - dig 5 matter 100% 99% i - invisibility 4 escape 100% 97% m - magic missile 2 attack 0% 86% p - protection 1 clerical 0% 95% w - wizard lock 2 matter 43% 95% x - extra healing 3 healing 77% 86% W - pray for help -- divine ? -- Z - monster magic -- ability ? -- Your skills at the end: Fighting Skills Weapon Skills quarterstaff [Basic] crossbow [Basic] Spellcasting Skills attack spells [Basic] enchantment spells [Basic] Final Attributes: You were devoutly aligned. You had infravision. You could fly. You were permanently polymorphed into a titan. You could not change from your current form. You were fast. You were unlucky. You survived. Vanquished creatures: a quivering blob a giant spider a werewolf a dog a water nymph a raven a snake 4 soldier ants 5 Mordor orcs 5 Uruk-hai a fog cloud a yellow light 2 shriekers a violet fungus a gnome lord a giant ant 7 dwarves 2 homunculi a kobold lord 3 rothes a centipede 3 giant bats a werejackal 3 iguanas 4 killer bees 2 acid blobs 5 coyotes 6 hobbits a large kobold 2 hobgoblins 2 giant rats a cave spider a yellow mold 5 gnomes 2 manes 2 gnome zombies 3 geckos 4 jackals a fox 2 kobolds a goblin 6 sewer rats 6 grid bugs 3 lichens a kobold zombie 3 newts 112 creatures vanquished. Voluntary challenges: You followed a strict vegan diet. You used a wielded weapon 225 times, starting on turn 43. You read items or engraved 66 times, starting on turn 515. You never genocided any monsters. You never polymorphed an object. You never changed form. You cheated in Sokoban 2 times, without finishing. You used no wishes. You never split a pudding. You wrote Elbereth's name 10 times, starting on turn 515. You never violated your personal moral code. Dungeon overview: The Dungeons of Doom: levels 1 to 7 Level 1 a long staircase Level 2 Level 3 stairs to The Gnomish Mines Level 4 a general store Level 5 a fountain, a sink Level 6 many fountains Level 7 stairs to Sokoban The Gnomish Mines: levels 4 to 8 Level 4 stairs to The Dungeons of Doom Level 5 Level 6 many shops, a temple to Ptah, some fountains Level 7 Level 8 Sokoban: levels 5 to 6 Level 5 <- You were here Level 6 stairs to The Dungeons of Doom History has recorded: On T:1 you entered the Dungeons of Doom to retrieve the Amulet of Yendor! On T:149 you reached level 2 of The Dungeons of Doom. On T:327 you reached level 3 of The Dungeons of Doom. On T:373 you advanced to experience level 2. On T:496 you reached level 1 of The Gnomish Mines. On T:616 you advanced to experience level 3. On T:676 you reached level 2 of The Gnomish Mines. On T:730 you advanced to experience level 4. On T:1000 you reached level 3 of The Gnomish Mines. On T:1125 you reached level 4 of The Gnomish Mines. On T:1146 you advanced to experience level 5. On T:1280 you advanced to experience level 6. On T:1304 you reached level 5 of The Gnomish Mines. On T:1653 you reached level 4 of The Dungeons of Doom. On T:1948 you reached level 5 of The Dungeons of Doom. On T:2132 you advanced to experience level 7. On T:2172 you reached level 6 of The Dungeons of Doom. On T:2574 you reached level 7 of The Dungeons of Doom. On T:2591 you reached level 4 of Sokoban. On T:2842 you reached level 3 of Sokoban. Score breakdown: Gold: 656 ( 65 points) Experience: 7 levels ( 600 points) Exploration: 8 levels ( 210 points) Discoveries: 18 items ( 900 points) Variety of kills: 46 monsters ( 2000 points) Major goal: (nothing yet) ( 0 points) Survival: quit (score multiplied by 3) Total score: 11325 Latest messages: To quit the game, use the 'save' command (typically on 'S'). Final status: Goodbye FIQ the Wizard, quit... You quit in Sokoban on dungeon level 5 with 11325 points, and 656 pieces of gold, after 2879 moves. You were level 7 with a maximum of 48 hit points when you quit.